 Dungeon Crawl Stone Soup version 0.27-a0-1359-ga2a4dfd6fd (webtiles) character file.

Game seed: 15447971748907167014

749 Lauz the Slasher (level 7, -6/60 HPs)
             Began as a Minotaur Gladiator on June 28, 2021.
             Mangled by an ogre (27 damage)
             ... on level 5 of the Dungeon.
             The game lasted 00:18:38 (5380 turns).

Lauz the Slasher (Minotaur Gladiator)               Turns: 5380, Time: 00:18:38

Health: -6/60      AC: 10    Str: 21    XL:     7   Next: 48%
Magic:  6/6        EV:  9    Int:  5    God:
Gold:   181        SH:  0    Dex: 11    Spells: 6/6 levels left

rFire    . . .     SeeInvis .   a - +0 long sword
rCold    . . .     Faith    .   (no shield)
rNeg     . . .     Spirit   .   f - +0 chain mail
rPois    .         Reflect  .   c - +1 hat
rElec    .         Harm     .   (no cloak)
rCorr    .         Rampage  .   (no gloves)
Will     .....                  (no boots)
Stlth    ..........             (no amulet)
HPRegen  0.20/turn              (no ring)
MPRegen  0.10/turn              (no ring)

@: no status effects
A: horns 2, retaliatory headbutt
a: no special abilities


You were on level 5 of the Dungeon.
You visited 1 branch of the dungeon, and saw 5 of its levels.

You collected 181 gold pieces.

Inventory:

Hand Weapons
 a - a +0 long sword (weapon)
 m - a +2 dagger of protection
Missiles
 d - 2 throwing nets (quivered)
Armour
 b - a +0 leather armour
 c - a +1 hat (worn)
 e - a +2 robe
 f - a +0 chain mail (worn)
Jewellery
 x - a ring of wizardry
Wands
 t - a wand of flame (14)
 v - a wand of iceblast (9)
Scrolls
 h - a scroll of identify
 n - a scroll of magic mapping {unknown}
Potions
 g - 4 potions of flight
 i - a potion of heal wounds {unknown}
 j - 2 potions of curing {unknown}
 k - a potion of degeneration {unknown}
 l - a potion of ambrosia {unknown}
 r - a potion of might {unknown}
 s - a potion of brilliance {unknown}
 u - a potion of haste {unknown}
 z - a potion of berserk rage {unknown}


   Skills:
 + Level 4.4 Fighting
 + Level 7.2 Long Blades
 - Level 2.0 Throwing
 * Level 5.4 Armour
 + Level 4.7 Dodging


You had 6 spell levels left.
You didn't know any spells.
Your spell library contained the following spells:

 Spells                   Type           Power      Damage    Failure   Level
 Sandblast                Erth           0%         2d4       99%         1
 Passwall                 Tmut/Erth      0%         N/A       100%        2
 Stone Arrow              Conj/Erth      0%         3d7       100%        3
 Petrify                  Tmut/Erth      0%         N/A       100%        4
 Lee's Rapid Deconstruct  Erth           0%         3d5*      100%        5


Dungeon Overview and Level Annotations

Branches:
Dungeon (5/15)
 Temple: D:4-7

Altars:
Gozag

Annotations:
D:4 2 runed translucent doors, Delver's ghost, amateur HuCj; Dowan; Duvessa


Innate Abilities, Weirdness & Mutations

You have a pair of horns on your head.
You reflexively headbutt those who attack you in melee.


Message History

You miss the adder. Your headbutt misses the adder.
The adder bites you but does no damage.
You slash the adder!
You kill the adder!
You barely miss the phantom. The phantom closely misses you.
You riposte.
You closely miss the phantom. You headbutt the phantom.
The phantom is lightly damaged.
You slash the phantom!
The phantom is moderately damaged.
The phantom hits you but does no damage.
You barely miss the phantom. Your headbutt misses the phantom.
The phantom is moderately damaged.
The phantom hits you.
The phantom blinks!
You blink.
An ogre comes into view. It is wielding a +0 giant club.
You hit the phantom but do no damage.
The phantom is moderately damaged.
The ogre shouts!
The phantom hits you but does no damage.
Press: ? - help, v - describe, . - travel The floor.
The phantom hits you. The phantom hits you.
The phantom blinks!
You blink.
The phantom hits you but does no damage.
The phantom hits you. The phantom barely misses you.
You hit the phantom. Your headbutt misses the phantom.
The phantom is heavily damaged.
The phantom misses you. The ogre hits you with a +0 giant club.
The phantom hits you but does no damage.
You hit the phantom. Your headbutt misses the phantom.
The phantom is severely damaged.
The phantom hits you but does no damage.
The ogre hits you with a +0 giant club!!
The phantom barely misses you. You furiously retaliate!
You headbutt the phantom! The phantom completely misses you.
The ogre barely misses you.
You riposte.
Your chain mail prevents you from hitting the ogre.
The ogre hits you with a +0 giant club!!
You die...

#.............#
#...##.#........##
... #...........#
. ##........#.##
#...........#
##........#.#
#..#...###.#
##...###...##
#.###W@.#..#
###..O.....##
#.?.........#
##.#........##
#...........#
##........#.##
#............
##........###
#..#...###


You could see a phantom and an ogre.

Vanquished Creatures
  A necrophage (D:4)
  An ogre (D:4)
  Blork the orc (D:4)
  A water moccasin skeleton (D:4)
  A centaur skeleton (D:4)
  An orc priest (D:3)
  3 hounds
  A bullfrog skeleton (D:5)
  An iguana (D:5)
  A scorpion zombie (D:5)
  Natasha (thrice) (D:3)
  Robin (D:4)
  A howler monkey skeleton (D:4)
  4 adders
  5 dart slugs
  4 orcs
  5 endoplasms
  6 giant cockroaches
  14 hobgoblins
  8 jackals
  2 quokkas
  7 ball pythons
  4 bats
  5 frilled lizards
  14 goblins
  2 kobolds
  8 rats (D:1)
105 creatures vanquished.

Notes
Turn   | Place    | Note
-------+----------+-------------------------------------------
     0 | D:1      | Lauz the Minotaur Gladiator began the quest for the Orb.
     0 | D:1      | Reached XP level 1. HP: 18/18 MP: 0/0
   127 | D:1      | Reached skill level 4 in Long Blades
   130 | D:1      | Reached XP level 2. HP: 16/25 MP: 1/1
   369 | D:1      | Reached skill level 1 in Armour
   521 | D:1      | Reached XP level 3. HP: 26/30 MP: 2/2
   937 | D:2      | Found a faded altar of an unknown god.
  1583 | D:2      | Reached XP level 4. HP: 37/37 MP: 3/3
  1958 | D:3      | Reached skill level 5 in Long Blades
  2431 | D:3      | Found an opulent altar of Gozag.
  2929 | D:4      | Noticed Natasha
  2941 | D:3      | Killed Natasha
  2942 | D:3      | Reached XP level 5. HP: 10/45 MP: 4/4
  3249 | D:3      | Noticed Natasha
  3254 | D:3      | Killed Natasha
  3363 | D:3      | Noticed Natasha
  3378 | D:3      | Killed Natasha
  3798 | D:4      | Found a runed translucent door.
  3807 | D:4      | Noticed Delver's ghost (amateur HuCj)
  3850 | D:4      | Noticed Blork the orc
  3850 | D:4      | Noticed Robin
  3936 | D:4      | Killed Blork the orc
  3937 | D:4      | Reached XP level 6. HP: 12/51 MP: 5/5
  4211 | D:4      | Reached skill level 6 in Long Blades
  4366 | D:4      | Noticed Duvessa
  4366 | D:4      | Noticed Dowan
  4637 | D:4      | Reached skill level 5 in Armour
  4637 | D:4      | Reached XP level 7. HP: 31/59 MP: 6/6
  4805 | D:4      | Found a runed translucent door.
  4982 | D:4      | Killed Robin
  5233 | D:5      | Entered Level 5 of the Dungeon
  5294 | D:5      | Reached skill level 7 in Long Blades
  5380 | D:5      | Mangled by an ogre

Illustrated notes

Levels and vault maps discovered:
D:1:      dpeg_arrival_boxes_within_box, layout_basic, nrook_campfire,
          st_stairs_5, serial_bayou_pond_e
D:2:      layout_loops_cross, chequers_ecumenical_altar_simple
D:3:      layout_loops_ring, nicolae_gozag_seed_capital,
          kennysheep_generic_room_6
D:4:      minmay_evil_eye, layout_cave_pools, ebering_ghost_sewer_f,
          uniq_duvessa, uniq_robin, uniq_blork_the_orc, uniq_natasha
D:5:      minmay_skewed_foursquare, layout_loops_cross, elyvilon_altar_4,
          kennysheep_generic_room_15

Skill      XL: |  1  2  3  4  5  6  7 |
---------------+----------------------+-----
Long Blades    | 4 5 6 7 |  7.2
Armour         | 1 2 3 4 5 |  5.4
Dodging        | 4 |  4.7
Fighting       | 3 4 |  4.4
Throwing       | |  2.0

Action                   |  1- 3 |  4- 6 |  7- 9 || total
-------------------------+-------+-------+-------++-------
Melee: Long sword        |    64 |   112 |    41 ||   217
       Headbutt          |    16 |    19 |    11 ||    46
Throw: Throwing net      |       |     1 |       ||     1
  Use: Scroll            |       |     9 |       ||     9
 Stab: Distracted        |       |     1 |       ||     1
       Sleeping          |       |     1 |       ||     1
       Held in net/web   |       |     1 |       ||     1
Armor: Leather armour    |    14 |     7 |       ||    21
       Robe              |       |    16 |       ||    16
       Chain mail        |       |       |    17 ||    17
Dodge: Dodged            |    52 |    73 |    25 ||   150
       Rpst.: Long sword |    10 |    20 |     7 ||    37

Table legend: (Time is in decaauts)
 A = Elapsed time spent in this place.
 B = Non-inter-level travel time spent in this place.
 C = Inter-level travel time spent in this place.
 D = Time resting spent in this place.
 E = Time spent auto-exploring this place.
 F = Levels seen in this place.
 G = Mean time per level.
                   A        B        C        D        E       F      G
               +--------+--------+--------+--------+--------+-----+--------+
         Total |   5423 |   5096 |    327 |   1846 |   2235 |   5 | 1084.6 |
       Dungeon |   5423 |   5096 |    327 |   1846 |   2235 |   5 | 1084.6 |
               +--------+--------+--------+--------+--------+-----+--------+

Top non-repeatable levels by time:
     D:3: 2411 daAuts
     D:4: 1063 daAuts
     D:2: 935 daAuts
     D:1: 864 daAuts
     D:5: 147 daAuts
